 Dungeon Sprint DCSS version 0.29-a0-834-g1e95ca9f62 (webtiles) character file.

Game seed: 536715115874444043

37877 wilfster70 the End of an Era (level 13, 0/134 HPs)
             Began as a Minotaur Fighter on July 12, 2022.
             Was the Champion of Qazlal.
             Slain by a war gargoyle
             ... wielding a +2 flail of venom
              (12 damage)
             ... in the Dungeon (Sprint V: "Ziggurat Sprint").
             The game lasted 00:09:46 (1679 turns).

wilfster70 the End of an Era (Minotaur Fighter)     Turns: 1679, Time: 00:09:46

Health: 0/134      AC: 33    Str: 27    XL:     13   Next: 60%
Magic:  1/25       EV:  5    Int: 15    God:    Qazlal [******]
Gold:   0          SH: 40    Dex: 11    Spells: 12/12 levels left

rFire   + + .      SeeInvis .   a - +10 lance "Wyrmbane" {slay drac, rPois rF+ rC+ AC+3}
rCold   + + +      Faith    .   k - +18 shield of the Gong {rElec rN+ Will+ EV-5}
rNeg    + . .      Spirit   .   b - +9 gold dragon scales
rPois   +          Reflect  .   (helmet restricted)
rElec   +          Harm     .   (no cloak)
rCorr   .          Rampage  .   n - +2 pair of gloves {hurl}
Will    +....      NoTele   +   (no boots)
Stlth   ..........              p - amulet of magic regeneration
HPRegen 0.32/turn               z - +6 ring of strength
MPRegen 0.59/turn               w - ring "Kenoar" {+Blink Int+6 Slay+4}

@: protected from cold, corroded, studying Polearms, repel missiles
A: horns 2, retaliatory headbutt
a: Renounce Religion, Evoke Blink, Upheaval, Elemental Force, Disaster Area


You were in the Dungeon.
You worshipped Qazlal.
Qazlal was exalted by your worship.
You visited 1 branch

Inventory:

Hand Weapons
 a - the +10 lance "Wyrmbane" (weapon) {slay drac, rPois rF+ rC+ AC+3}
   (You found it in the Dungeon)

   It inflicts extra damage against dragons and draconians.
   AC:        It affects your AC (+3).
   rF:        It protects you from fire.
   rC:        It protects you from cold.
   rPois:     It protects you from poison.
Armour
 b - +9 gold dragon scales (worn)
 k - the +18 shield of the Gong (worn) {rElec rN+ Will+ EV-5}
   (You found it in the Dungeon)

   It is deafeningly noisy when blocking attacks.
   EV:        It affects your evasion (-5).
   rElec:     It insulates you from electricity.
   rN:        It protects you from negative energy.
   Will:      It increases your willpower.
 n - a +2 pair of gloves of hurling (worn)
Jewellery
 o - a ring of protection from fire
 p - an amulet of magic regeneration (around neck)
 w - the ring "Kenoar" (right hand) {+Blink Int+6 Slay+4}
   (You found it in the Dungeon)

   [ring of intelligence]

   Int:       It affects your intelligence (+6).
   Slay:      It affects your accuracy & damage with ranged weapons and melee
   (+4).
   +Blink:    It lets you blink.
 z - a +6 ring of strength (left hand)
Wands
 c - a wand of mindburst (6)
 l - a wand of quicksilver (6)
Scrolls
 j - 4 scrolls of blinking
 q - a scroll of brand weapon
 r - 5 scrolls of identify
 x - 4 scrolls of amnesia
 y - 7 scrolls of fog
 A - a scroll of fear
Potions
 d - 7 potions of might
 e - 10 potions of curing
 f - 3 potions of heal wounds
 g - 10 potions of haste
 h - 5 potions of magic
 i - 3 potions of berserk rage
 t - 2 potions of brilliance
 u - 2 potions of invisibility
 v - 4 potions of resistance
Miscellaneous
 m - a condenser vane


   Skills:
 + Level 17.7 Fighting
 - Level 12.0 Polearms
 + Level 17.7 Armour
 + Level 16.0 Dodging
 + Level 18.0 Shields
 * Level 18.7 Invocations
 + Level 11.1 Evocations


You had 12 spell levels left.
You didn't know any spells.
Your spell library contained the following spells:

 Spells                   Type           Power      Damage    Failure   Level
 Foxfire                  Conj/Fire      0%         2x1d4     100%        1
 Blink                    Tloc           0%         N/A       100%        2
 Conjure Flame            Conj/Fire      0%         6-21      100%        3
 Dazzling Flash           Conj/Hex       0%         N/A       100%        3
 Inner Flame              Hex/Fire       0%         N/A       100%        3
 Lesser Beckoning         Tloc           0%         N/A       100%        3
 Mephitic Cloud           Conj/Pois/Air  0%         N/A       100%        3
 Summon Guardian Golem    Hex/Summ       0%         N/A       100%        3
 Airstrike                Air            0%         0-1+      100%        4
 Corpse Rot               Necr/Pois/Air  0%         N/A       100%        4
 Dispel Undead            Necr           0%         3d6       100%        4
 Flame Wave               Conj/Fire      0%         2d4       100%        4
 Petrify                  Tmut/Erth      0%         N/A       100%        4
 Summon Lightning Spire   Summ/Air       0%         N/A       100%        4
 Agony                    Necr           0%         N/A       100%        5
 Alistair's Intoxication  Tmut/Pois      0%         N/A       100%        5
 Borgnjor's Vile Clutch   Necr/Erth      0%         N/A       100%        5
 Iskenderun's Battlesphe  Conj           0%         2d6       100%        5
 Lightning Bolt           Conj/Air       0%         1d11      100%        5
 Manifold Assault         Tloc           0%         N/A       100%        5
 Metabolic Englaciation   Hex/Ice        0%         N/A       100%        5
 Silence                  Hex/Air        0%         N/A       100%        5
 Summon Forest            Summ/Tloc      0%         N/A       100%        5
 Death Channel            Necr           0%         N/A       100%        6
 Eringya's Noxious Bog    Tmut/Pois      0%         N/A       100%        6
 Iron Shot                Conj/Erth      0%         9d1       100%        6
 Monstrous Menagerie      Summ           0%         N/A       100%        7
 Orb of Destruction       Conj           0%         9d5       100%        7
 Spellforged Servitor     Conj/Summ      0%         N/A       100%        7
 Storm Form               Tmut/Air       0%         N/A       100%        7
 Summon Hydra             Summ           0%         N/A       100%        7
 Lehudib's Crystal Spear  Conj/Erth      0%         10d2      100%        8
 Maxwell's Capacitive Co  Air            0%         ∞         100%        8


Dungeon Overview and Level Annotations

Branches:
Dungeon (1/1)

Altars:
Ashenzari
Cheibriados
Dithmenos
Elyvilon
Fedhas
Gozag
Hepliaklqana
Kikubaaqudgha
Makhleb
Nemelex Xobeh
Okawaru
Qazlal
Ru
Sif Muna
Trog
Uskayaw
Vehumet
Wu Jian
Xom
Yredelemnul
Zin
The Shining One
Jiyva
Lugonu


Innate Abilities, Weirdness & Mutations

You have a pair of horns on your head.
You reflexively headbutt those who attack you in melee.


Message History

You don't have enough magic at the moment.
You feel much better. You block the war gargoyle's attack.
PTOANNNG!
You block the war gargoyle's attack.
GONNNNG!
The war gargoyle completely misses you. Magic courses through your body.
The quicksilver elemental hits you!
* * * LOW HITPOINT WARNING * * *
You feel your power leaking away. You block the war gargoyle's attack.
PANG!
You block the war gargoyle's attack.
BOUMMMMG!
You block the war gargoyle's attack.
BONNNG!
The quicksilver elemental hits you!
* * * LOW HITPOINT WARNING * * *
You feel your power leaking away.
The war gargoyle hits you with a +0 morningstar!
* * * LOW HITPOINT WARNING * * *
As you read the scroll of fear, it crumbles to dust.
You assume a fearsome visage.
The war gargoyle is unaffected.
The tormentor looks frightened!
The iron dragon resists with almost no effort.
The quicksilver elemental is unaffected.
The iron golem is unaffected.
The war gargoyle is unaffected. x3
You block the quicksilver elemental's attack.
BOUMMMMG!
You block the war gargoyle's attack.
BONNNG!
You block the war gargoyle's attack.
PTOANNNG!
An ancient champion comes into view.
It is wielding a +3 battleaxe of draining and wearing the ring of Harmony {rElec rC+ Int+2 Dex+4}.
You block the quicksilver elemental's attack.
GONNNNG!
The war gargoyle launches metal splinters at you.
The spray of metal splinters hits you but does no damage.
The war gargoyle is struck by lightning.
The war gargoyle hits you with a +2 flail of venom!
You die...

▓...)[:}[}.
▓..).≈≈z≈≈....▓..........
▓...)....[....▓..........
▓.......≈.....▓..........
▓.......).....▓..........
▓.............▓..........
▓.......D.....▓..▓.....▓.
▓..▓..999E.▓≈.▓..........
▓..≈.≈°9@.....▓.....©....
▓...≈.§9..○...▓▓▓▓▓▓▓▓▓▓▓
▓......○.§....▓....8©8...
▓▓▓▓▓▓▓▓▓▓▓▓▓▓▓....[.|=|.
▓...)|})=.. ▓..........
▓.......... ▓..........
▓..........


You could see an iron golem, an iron dragon, a quicksilver elemental, an ancient
champion and 4 war gargoyles.

Vanquished Creatures
  A caustic shrike (D)
  3 ancient champions (D)
  An azure jelly (D)
  A ghost moth (D)
  A draconian shifter (D)
  A war gargoyle (D)
  2 green draconians (D)
  3 white draconians (D)
  A yellow draconian (D)
  2 purple draconians (D)
  2 red draconians (D)
  2 mummy priests (D)
  7 vault guards (D)
  A centaur warrior (D)
  A dancing weapon (D)
  4 soul eaters (D)
  A thrashing horror (D)
  A deep elf knight (D)
  2 glowing orange brains (D)
  A spriggan druid (D)
  A deep elf archer (D)
  2 deep elf pyromancers (D)
  9 draconians (D)
  3 shining eyes (D)
  2 eyes of devastation (D)
  2 cane toads (D)
  A tormentor (D)
  4 merfolk (D)
  2 slime creatures (D)
  A wind drake (D)
  An air elemental (D)
  2 spriggans (D)
  A water elemental (D)
  A chaos spawn (D)
  2 ushabtiu (D)
  2 basilisks (D)
  A yak (D)
  3 water moccasins (D)
  7 wolves (D)
  2 small abominations (D)
  2 earth elementals (D)
  2 bullfrogs (D)
  3 scorpions (D)
  3 jellies (D)
  2 iron imps (D)
  5 mummies (D)
  2 white imps (D)
  2 ufetubi (D)
  A spectral adder (D)
  2 adder skeletons (D)
  2 adder zombies (D)
  A bat zombie (D)
  A ball python skeleton (D)
  2 ball python zombies (D)
  A jackal skeleton (D)
  A quokka zombie (D)
  A spectral quokka (D)
120 creatures vanquished.

Vanquished Creatures (others)
  A jelly (D)
1 creature vanquished.

Grand Total: 121 creatures vanquished

Notes
Turn   | Place    | Note
-------+----------+-------------------------------------------
     0 | D        | wilfster70 the Minotaur Fighter began the quest for the
                  | Orb.
     0 | D        | Reached XP level 1. HP: 19/19 MP: 0/0
    17 | D        | Found a shimmering blue altar of Sif Muna.
    17 | D        | Found a bloodstained altar of Trog.
    17 | D        | Found a sacrificial altar of Ru.
    17 | D        | Found a stormy altar of Qazlal.
    17 | D        | Found an iron altar of Okawaru.
    19 | D        | Found a sparkling altar of Nemelex Xobeh.
    19 | D        | Found the +6 Majin-Bo {vamp, MP+6 Int+6}
    19 | D        | Found the +9 heavy crossbow "Sniper" {vorpal, Acc+∞ SInv}
    19 | D        | Found the +10 dark maul {vorpal}
    19 | D        | Found the +15 Maxwell's patent armour {-Cast -Tele rElec
                  | Will+ rCorr}
    19 | D        | Found the +18 shield of the Gong {rElec rN+ Will+ EV-5}
    19 | D        | Found the +14 obsidian axe {vorpal, Mesm Drain Fly SInv}
    19 | D        | Found the +7 great mace "Firestarter" {inner flame, rF++}
    19 | D        | Found the +6 shillelagh "Devastator" {shatter}
    19 | D        | Found the +11 plutonium sword {Contam Stlth-}
    19 | D        | Found the +8 lance "Wyrmbane" {slay drac, rPois rF+ rC+
                  | AC+3}
    19 | D        | Found the +9 sword of Zonguldrok {reap}
    19 | D        | Found the +13 scythe of Curses {drain, Drain}
    19 | D        | Found the +5 sword of Power {vorpal}
    19 | D        | Found the +7 mace of Variability {chain chaos}
    19 | D        | Found the +7 Singing Sword {vorpal, sonic wave}
    19 | D        | Found the +8 storm bow {elec, penet}
    20 | D        | Found an ancient bone altar of Kikubaaqudgha.
    20 | D        | Found a transporter.
    20 | D        | Found a corrupted altar of Lugonu.
    20 | D        | Found a viscous altar of Jiyva.
    20 | D        | Found a burning altar of Makhleb.
    20 | D        | Found a hazy altar of Hepliaklqana.
    20 | D        | Found an opulent altar of Gozag.
    52 | D        | Became a worshipper of Qazlal Stormbringer
    72 | D        | Found a blossoming altar of Fedhas.
    76 | D        | Reached skill level 5 in Polearms
    76 | D        | Reached XP level 2. HP: 28/28 MP: 0/2
   108 | D        | Entered arena 2.
   108 | D        | Noticed an earth elemental
   108 | D        | Noticed an air elemental
   108 | D        | Found a transporter.
   110 | D        | Paralysed by an air elemental for 1 turns
   113 | D        | Paralysed by an air elemental for 1 turns
   117 | D        | Killed an air elemental
   118 | D        | Reached XP level 3. HP: 38/38 MP: 2/5
   118 | D        | Reached XP level 4. HP: 45/45 MP: 2/6
   118 | D        | Reached XP level 5. HP: 51/51 MP: 2/7
   173 | D        | Entered arena 3.
   173 | D        | Found a transporter.
   178 | D        | Reached * piety under Qazlal
   179 | D        | Reached skill level 5 in Dodging
   179 | D        | Reached skill level 5 in Invocations
   179 | D        | Reached XP level 6. HP: 60/60 MP: 8/8
   208 | D        | Entered arena 4.
   208 | D        | Noticed a draconian
   208 | D        | Noticed a draconian
   208 | D        | Noticed a draconian
   208 | D        | Noticed a draconian
   208 | D        | Found a transporter.
   215 | D        | Killed a draconian
   215 | D        | Reached ** piety under Qazlal
   216 | D        | Reached XP level 7. HP: 54/69 MP: 10/10
   222 | D        | Killed a draconian
   223 | D        | Reached XP level 8. HP: 54/78 MP: 10/12
   230 | D        | Killed a draconian
   231 | D        | Reached skill level 10 in Shields
   237 | D        | Killed a draconian
   238 | D        | Reached skill level 10 in Fighting
   238 | D        | Reached skill level 10 in Armour
   246 | D        | Got the ring "Kenoar" {+Blink Int+6 Slay+4}
   336 | D        | Entered arena 5.
   336 | D        | Noticed a merfolk
   336 | D        | Noticed a merfolk
   336 | D        | Noticed a merfolk
   336 | D        | Noticed a merfolk
   336 | D        | Found a transporter.
   345 | D        | Killed a merfolk
   345 | D        | Reached *** piety under Qazlal
   346 | D        | Reached XP level 9. HP: 60/86 MP: 14/14
   350 | D        | Killed a merfolk
   357 | D        | Killed a merfolk
   364 | D        | Killed a merfolk
   466 | D        | Entered arena 6.
   466 | D        | Found a transporter.
   469 | D        | Reached **** piety under Qazlal
   478 | D        | Reached ***** piety under Qazlal
   487 | D        | Entered arena 7.
   487 | D        | Noticed a mummy priest
   487 | D        | Noticed a mummy priest
   488 | D        | Killed a mummy priest
   489 | D        | Reached skill level 10 in Dodging
   489 | D        | Found a transporter.
   494 | D        | Killed a mummy priest
   495 | D        | Reached skill level 10 in Invocations
   495 | D        | Reached XP level 10. HP: 42/97 MP: 7/16
   508 | D        | Got Vijazabb's Almanac of Leadership and the Ground
   706 | D        | Entered arena 8.
   706 | D        | Noticed a purple draconian
   706 | D        | Noticed a draconian
   706 | D        | Noticed a draconian
   706 | D        | Noticed a draconian
   706 | D        | Noticed a draconian
   706 | D        | Noticed a draconian
   707 | D        | Killed a draconian
   708 | D        | Found a transporter.
   714 | D        | Killed a draconian
   717 | D        | Killed a draconian
   718 | D        | Killed a purple draconian
   718 | D        | Killed a draconian
   721 | D        | Killed a draconian
   810 | D        | Entered arena 9.
   810 | D        | Noticed a +2 vorpal trident
   810 | D        | Noticed a deep elf knight
   810 | D        | Noticed a deep elf pyromancer
   810 | D        | Noticed a deep elf pyromancer
   810 | D        | Noticed a deep elf archer
   811 | D        | Killed a +2 vorpal trident
   811 | D        | Killed a deep elf knight
   811 | D        | Reached ****** piety under Qazlal
   811 | D        | Killed a deep elf pyromancer
   811 | D        | Killed a deep elf archer
   811 | D        | Killed a deep elf pyromancer
   812 | D        | Reached XP level 11. HP: 97/107 MP: 10/19
   814 | D        | Found a transporter.
   851 | D        | Entered arena 10.
   851 | D        | Noticed a vault guard
   851 | D        | Noticed a centaur warrior
   851 | D        | Noticed a vault guard
   851 | D        | Noticed a vault guard
   851 | D        | Noticed a vault guard
   851 | D        | Noticed a vault guard
   851 | D        | Noticed a vault guard
   851 | D        | Noticed a vault guard
   852 | D        | Killed a vault guard
   852 | D        | Killed a vault guard
   853 | D        | Killed a vault guard
   853 | D        | Killed a vault guard
   853 | D        | Killed a vault guard
   855 | D        | Found a transporter.
   858 | D        | Killed a vault guard
   859 | D        | Killed a centaur warrior
   865 | D        | Killed a vault guard
   989 | D        | Entered arena 11.
   989 | D        | Noticed a spriggan druid
   991 | D        | Reached skill level 15 in Shields
   991 | D        | Found a transporter.
   995 | D        | Killed a spriggan druid
   996 | D        | Reached XP level 12. HP: 118/118 MP: 14/22
  1014 | D        | Entered arena 12.
  1014 | D        | Noticed a white draconian
  1014 | D        | Noticed a yellow draconian
  1014 | D        | Noticed a green draconian
  1014 | D        | Noticed a red draconian
  1014 | D        | Noticed a white draconian
  1014 | D        | Noticed a green draconian
  1014 | D        | Noticed a purple draconian
  1014 | D        | Noticed a white draconian
  1015 | D        | Killed a red draconian
  1015 | D        | Killed a purple draconian
  1015 | D        | Killed a white draconian
  1015 | D        | Killed a white draconian
  1015 | D        | Killed a green draconian
  1015 | D        | Noticed a red draconian
  1015 | D        | Noticed a purple draconian shifter
  1016 | D        | Reached skill level 15 in Fighting
  1016 | D        | Reached skill level 15 in Armour
  1016 | D        | Reached skill level 15 in Invocations
  1029 | D        | Killed a white draconian
  1029 | D        | Killed a yellow draconian
  1029 | D        | Killed a green draconian
  1035 | D        | Killed a red draconian
  1038 | D        | Found a transporter.
  1042 | D        | HP: 5/122 [something (12)]
  1046 | D        | Killed a purple draconian shifter
  1050 | D        | Killed a ghost moth
  1345 | D        | Got Sif Muna's Volume of the Rocky Atmosphere
  1352 | D        | Entered arena 13.
  1353 | D        | Noticed an azure jelly
  1355 | D        | Killed an azure jelly
  1382 | D        | Found a transporter.
  1414 | D        | Entered arena 14.
  1417 | D        | Reached skill level 15 in Dodging
  1417 | D        | Reached XP level 13. HP: 130/130 MP: 16/24
  1428 | D        | Found a transporter.
  1462 | D        | Entered arena 15.
  1466 | D        | Reached skill level 10 in Evocations
  1466 | D        | Found a transporter.
  1473 | D        | Got the Anthology of Captivating Combustion
  1535 | D        | Entered arena 16.
  1538 | D        | Found the +5 robe of Misfortune {Harm *Corrode *Slow EV+5}
  1541 | D        | Found a transporter.
  1665 | D        | Entered arena 17.
  1666 | D        | Noticed a caustic shrike
  1666 | D        | Noticed a war gargoyle
  1667 | D        | Noticed an iron golem
  1667 | D        | Noticed an ancient champion
  1667 | D        | Noticed a war gargoyle
  1667 | D        | Noticed a war gargoyle
  1668 | D        | Noticed an ancient champion
  1668 | D        | Noticed an iron dragon
  1669 | D        | Noticed a war gargoyle
  1669 | D        | Noticed an ancient champion
  1670 | D        | Killed an ancient champion
  1670 | D        | Killed an ancient champion
  1670 | D        | Killed an ancient champion
  1670 | D        | Noticed a war gargoyle
  1671 | D        | Killed a war gargoyle
  1673 | D        | Killed a caustic shrike
  1674 | D        | Noticed a quicksilver elemental
  1674 | D        | HP: 3/134 [war gargoyle/spray of metal splinters (14)]
  1679 | D        | Identified the ring of Harmony {rElec rC+ Int+2 Dex+4}
  1679 | D        | Noticed an ancient champion
  1679 | D        | Slain by a war gargoyle

Illustrated notes

Levels and vault maps discovered:
D:        sprint_v [room_start, room_1, room_2, room_3, room_4, room_5, room_6,
          room_7, room_8, room_9, room_10, room_11, room_12, room_13, room_14,
          room_15, room_16, room_17, room_18, room_19, room_20, room_21,
          room_22, room_23, room_24, room_25, room_26, room_27]

Skill      XL: |  1  2  3  4  5  6  7  8  9 10 11 12 13 |
---------------+----------------------------------------+-----
Fighting       | 4 6 7 8 9 10 11 13 14 16 17 | 17.7
Polearms       | 5 8 9 11 12 | 12.0
Armour         | 4 6 7 8 9 10 11 13 14 16 17 | 17.7
Dodging        | 2 4 5 6 7 8 10 12 13 15 16 | 16.0
Shields        | 4 6 7 8 9 10 12 13 15 16 18 | 18.0
Invocations    | 2 4 5 6 8 10 13 14 17 18 | 18.7
Evocations     | 3 6 7 9 11 | 11.1

Action                   |  1- 3 |  4- 6 |  7- 9 | 10-12 | 13-15 || total
-------------------------+-------+-------+-------+-------+-------++-------
Melee: Lance             |     7 |    37 |    61 |    52 |     4 ||   161
       Headbutt          |       |     8 |     7 |     7 |       ||    22
Invok: Disaster Area     |       |       |     1 |    10 |     6 ||    17
Evoke: Wand              |       |       |       |     2 |       ||     2
       Condenser vane    |       |       |       |     1 |       ||     1
  Use: Potion            |     2 |       |       |     4 |     4 ||    10
       Scroll            |       |       |       |       |     5 ||     5
Armor: Gold dragon scale |    10 |     5 |    11 |    40 |     7 ||    73
Dodge: Dodged            |       |     2 |     2 |     2 |     2 ||     8
Block: Kite shield       |    12 |    27 |    57 |    53 |    22 ||   171

Table legend: (Time is in decaauts)
 A = Elapsed time spent in this place.
 B = Non-inter-level travel time spent in this place.
 C = Inter-level travel time spent in this place.
 D = Time resting spent in this place.
 E = Time spent auto-exploring this place.
 F = Levels seen in this place.
 G = Mean time per level.
                   A        B        C        D        E       F      G
               +--------+--------+--------+--------+--------+-----+--------+
         Total |   1628 |   1626 |      2 |   1048 |      0 |   1 | 1628.0 |
       Dungeon |   1628 |   1626 |      2 |   1048 |      0 |   1 | 1628.0 |
               +--------+--------+--------+--------+--------+-----+--------+

Top non-repeatable levels by time:
       D: 1628 daAuts
